 Dungeon Crawl Stone Soup version 0.17-a0-995-gb5fa8d7 (webtiles) character file.

76 inmateoo the Scratcher (level 4, -3/18 HPs)
             Began as a Felid Enchanter on May 12, 2015.
             Slain by a phantom (7 damage)
             ... on level 5 of the Dungeon.
             The game lasted 00:06:21 (3914 turns).

inmateoo the Scratcher (Felid Enchanter)            Turns: 3914, Time: 00:06:21

Health: -3/18      AC:  1    Str: 10    XL:     4   Next: 12%
Magic:  4/8        EV: 18    Int: 16    God:
Gold:   141        SH:  0    Dex: 18    Spells: 3 memorised, 1 level left
                                        Lives:  0   Deaths: 1

rFire  . . .     SeeInvis +       - Unarmed
rCold  . . .     Clarity  .     (armour unavailable)
rNeg   . . .     SustAb   .     (shield unavailable)
rPois  .         Gourm    .     (helmet unavailable)
rElec  .         Spirit   .     (cloak unavailable)
rCorr  .         Warding  .     (gloves unavailable)
rMut   .         Stasis   .     (boots unavailable)
MR     .....                    (no amulet)
Stlth  +++.......               r - +6 ring of strength (curse)
                                (no ring)

@: quick, not resistant to hostile enchantments, fairly stealthy
A: no armour, no weapons or thrown items, claws 1, fangs 3, see invisible,
carnivore 3, speed 1, shaggy fur 1, slow metabolism 1, sharp paws
a: no special abilities


You were on level 5 of the Dungeon.
You were not hungry.

You visited 1 branch of the dungeon, and saw 5 of its levels.

You collected 141 gold pieces.

Inventory:

Jewellery
 r - a cursed +6 ring of strength (right paw)
Scrolls
 d - 2 scrolls of blinking {unknown}
 h - 10 scrolls of identify {unknown}
 k - 5 scrolls of remove curse {unknown}
 l - a scroll of enchant weapon {unknown}
 n - a scroll of fog {unknown}
 q - a scroll of teleportation {unknown}
 s - a scroll of immolation {unknown}
 t - a scroll of recharging {unknown}
Potions
 c - 2 potions of heal wounds {unknown}
 e - a potion of might {unknown}
 f - a potion of experience {unknown}
 g - a potion of curing {unknown}
 i - a potion of haste {unknown}
 j - a potion of lignification {unknown}
 o - a potion of mutation {unknown}
 p - a potion of flight {unknown}
 u - 2 potions of invisibility
 w - a potion of magic {unknown}
Books
 a - a book of Maledictions

   Spells                             Type                      Level
   a - Corona                         Hexes                        1
   b - Ensorcelled Hibernation        Hexes/Ice                    2
   c - Confuse                        Hexes                        3
   d - Tukima's Dance                 Hexes                        3
   e - Dazzling Spray                 Conjuration/Hexes            3
Comestibles
 b - 2 meat rations
 m - a slice of pizza
 v - a beef jerky


   Skills:
 - Level 2.6 Dodging
 - Level 4.0 Stealth
 + Level 5.0 Unarmed Combat
 - Level 2.0 Spellcasting
 - Level 4.4 Hexes


You had one spell level left.
You knew the following spells:

 Your Spells              Type           Power        Failure   Level  Hunger
a - Corona                Hex            ###....      4%          1    #......
b - Ensorcelled Hibernat  Hex/Ice        #.....       14%         2    ###....
c - Dazzling Spray        Conj/Hex       #.......     28%         3    ###....


Dungeon Overview and Level Annotations

Branches:
Dungeon (5/15)
 Temple: D:4-7

Altars:

Annotations:
D:4 Grinder
D:5 Prince Ribbit


Innate Abilities, Weirdness & Mutations

You cannot wear armour.
You are incapable of wielding weapons or throwing items.
You have sharp claws.
You have razor-sharp teeth.
You have supernaturally acute eyesight.
You are carnivorous and can eat meat at any time.
You cover ground quickly.
You are covered in fur (AC +1).
You have a slow metabolism.
Your sharp claws are effective at attacking unaware monsters.


Message History

You closely miss the phantom. Your bite misses the phantom.
The phantom is lightly damaged.
The phantom blinks!
A phantom is nearby!
The phantom blinks!
You claw the phantom!
The phantom is moderately damaged.
The phantom hits you!
Ouch! That really hurt!
* * * LOW HITPOINT WARNING * * *
You barely miss the phantom.
The phantom is moderately damaged.
The phantom completely misses you.
You closely miss the phantom.
The phantom is moderately damaged.
The phantom barely misses you.
You scratch the phantom. Your bite misses the phantom.
The phantom is heavily damaged.
The phantom hits you!
You die...

### #.#
#@# #W#
#.# ###.#
#...#
#(#.#
......
#.#.#.#.
......g...


You could see a phantom.

Vanquished Creatures
  Jessica (D:3)
  Robin (D:3)
  3 adders
  2 worms (D:2)
  An orc (D:3)
  3 giant cockroaches
  16 goblins
  11 hobgoblins
  7 jackals (D:1)
  9 bats
  2 giant geckos
  3 giant newts
  8 kobolds
  15 rats
82 creatures vanquished.

Notes
Turn   | Place    | Note
--------------------------------------------------------------
     0 | D:1      | inmateoo the Felid Enchanter began the quest for the Orb.
     0 | D:1      | Reached XP level 1. HP: 7/7 MP: 4/4
   226 | D:1      | Reached XP level 2. HP: 6/11 MP: 6/6
   531 | D:1      | Learned a level 2 spell: Ensorcelled Hibernation
  1609 | D:1      | Reached XP level 3. HP: 14/14 MP: 7/7
  2293 | D:2      | You fall through a shaft for 2 floors!
  2323 | D:3      | Reached XP level 4. HP: 18/18 MP: 5/8
  2396 | D:3      | Noticed Robin
  3193 | D:3      | Killed Robin
  3241 | D:3      | Noticed Jessica
  3415 | D:3      | Killed Jessica
  3468 | D:3      | Reached XP level 5. HP: 21/21 MP: 9/9
  3637 | D:3      | Reached skill level 5 in Unarmed Combat
  3864 | D:4      | Noticed Grinder
  3877 | D:5      | Entered Level 5 of the Dungeon
  3877 | D:5      | Noticed Prince Ribbit
  3879 | D:5      | Mangled by Prince Ribbit
  3880 | D:5      | Reached XP level 4. HP: -12/18 MP: 7/8
  3881 | D:5      | Noticed a phantom
  3892 | D:5      | Learned a level 3 spell: Dazzling Spray
  3914 | D:5      | Slain by a phantom

Vault maps used:
D:1:      lightli_arrival_lavapool
D:3:      uniq_robin, uniq_jessica
D:4:      minmay_goblin_kobold_castle, first_bread, uniq_grinder
D:5:      basic_altar, st_stairs_10, hangedman_abyss_or_decor_lesser_grid,
          uniq_prince_ribbit1

Action                   |  1- 3 |  4- 6 || total
-------------------------+-------+-------++-------
Melee: Unarmed           |   112 |    67 ||   179
 Cast: Ensorcelled Hiber |    14 |    25 ||    39
       Corona            |     2 |       ||     2
       Dazzling Spray    |       |     2 ||     2
 Stab: Sleeping          |    22 |    26 ||    48
  Eat: Chunk             |     8 |       ||     8
